 Dungeon Crawl Stone Soup version 0.21.1-1-g345015f (webtiles) character file.

23 lotte the Magician (level 2, 0/15 HPs)
             Began as a Deep Elf Wizard on July 1, 2018.
             Succumbed to an adder's poison
             ... on level 2 of the Dungeon.
             The game lasted 00:03:46 (1044 turns).

lotte the Magician (Deep Elf Wizard)                Turns: 1044, Time: 00:03:46

Health: 0/15       AC:  2    Str:  4    XL:     2   Next: 72%
Magic:  2/10       EV: 13    Int: 22    God:
Gold:   42         SH:  0    Dex: 13    Spells: 8/11 levels left

rFire    . . .     SeeInvis .   f - +0 spear
rCold    . . .     Gourm    .   (no shield)
rNeg     . . .     Faith    .   a - +0 robe
rPois    .         Spirit   .   b - +0 hat
rElec    .         Reflect  .   (no cloak)
rCorr    .         Harm     .   (no gloves)
MR       .....                  (no boots)
Stlth    +++.......             (no amulet)
HPRegen  0.05/turn              e - ring of stealth
MPRegen  0.12/turn              (no ring)

@: lethally poisoned (0 -> -10)
A: no striking features
a: no special abilities


You were on level 2 of the Dungeon.
You were not hungry.

You visited 1 branch of the dungeon, and saw 2 of its levels.

You collected 42 gold pieces.

Inventory:

Hand Weapons
 f - a +0 spear (weapon)
Armour
 a - a +0 robe (worn)
 b - a +0 hat (worn)
Jewellery
 e - a ring of stealth (left hand)
 k - an uncursed ring of poison resistance {unknown}
Scrolls
 g - a scroll of identify {unknown}
 h - a scroll of remove curse {unknown}
 j - a scroll of amnesia {unknown}
 l - a scroll of fog {unknown}
 m - 2 scrolls of teleportation {unknown}
 n - a scroll of random uselessness {unknown}
Potions
 i - a potion of mutation {unknown}
 o - 2 potions of flight {unknown}
Books
 c - a book of Minor Magic

   Spells                             Type                      Level
   a - Magic Dart                     Conjuration                  1
   b - Blink                          Translocation                2
   c - Call Imp                       Summoning                    2
   d - Slow                           Hexes                        2
   e - Conjure Flame                  Conjuration/Fire             3
   f - Mephitic Cloud                 Conjuration/Poison/Air       3
Comestibles
 d - a ration


   Skills:
 - Level 2.4 Dodging
 - Level 2.4 Stealth
 - Level 5.3 Spellcasting
 - Level 1.1 Conjurations
 + Level 1.9 Summonings
   Level 1.1 Translocations


You had 8 spell levels left.
You knew the following spells:

 Your Spells              Type           Power        Failure   Level  Hunger
a - Magic Dart            Conj           ##..         6%          1    None
b - Call Imp              Summ           ##......     7%          2    None


Dungeon Overview and Level Annotations

Branches:
Dungeon (2/15)

Altars:
Okawaru


Message History

The adder closely misses you.
Your crimson imp hits the adder.
Your crimson imp blinks!
Your crimson imp blinks!
The adder closely misses you. The adder misses you.
Your crimson imp barely misses the adder.
Your magical contamination has completely faded away.
The adder bites you.
You are poisoned.
The adder poisons you!
You feel sick.
Your crimson imp blinks!
The adder bites you.
* * * LOW HITPOINT WARNING * * *
You are more poisoned.
The adder poisons you!
* * * LOW HITPOINT WARNING * * *
You feel sick.
You die...

.#....... # .>...##
...........#.. #....#
#..........#.######.....
#..<....................
##.#................##...
######.................#####..
#....#...........####..###....
#................#..55.....##.
#....)#......@.S...##.#######.
#.....(......)....###.##......
#....###......#...............
#....# #.#...###...........###
#..>.# #...................#
#....# #...#.).).#.........#
###### ##.##.._..##..#######
#..#.).).#...# #............#


You could see an adder and a friendly crimson imp.

Vanquished Creatures
  2 dart slugs (D:1)
  4 goblins
  2 hobgoblins (D:1)
  4 kobolds (D:1)
  2 frilled lizards (D:1)
  4 rats
18 creatures vanquished.

Vanquished Creatures (collateral kills)
  A goblin (D:2)
1 creature vanquished.

Grand Total: 19 creatures vanquished

Notes
Turn   | Place    | Note
-------+----------+-------------------------------------------
     0 | D:1      | lotte the Deep Elf Wizard began the quest for the Orb.
     0 | D:1      | Reached XP level 1. HP: 10/10 MP: 7/7
   195 | D:1      | Reached skill level 5 in Spellcasting
   275 | D:1      | Reached XP level 2. HP: 15/15 MP: 6/10
   393 | D:1      | Learned a level 2 spell: Call Imp
   835 | D:2      | Found an iron altar of Okawaru.
  1044 | D:2      | Succumbed to an adder's poison

Skill      XL: |  1 |
---------------+----+-----
Spellcasting   | 5 |  5.3
Dodging        | |  2.4
Stealth        | |  2.4
Conjurations   | |  1.1
Summonings     | |  1.9
Translocations | |  1.1

Action                   || total
-------------------------++-------
 Cast: Magic Dart        ||    37
       Call Imp          ||     9
Armor: Robe              ||     1
Dodge: Dodged            ||     7
